 Dungeon Crawl Stone Soup version 0.31.0-10-gcf4a605ca0 (webtiles) character file.

Game seed: 1575109160671653837

15 Ruich the Covered (level 2, 0/25 HPs)
             Began as an Armataur Fighter on Jan 26, 2024.
             Frozen to death by an endoplasm (2 damage)
             ... on level 1 of the Dungeon.
             The game lasted 00:00:55 (296 turns).

Ruich the Covered (Armataur Fighter)                 Turns: 296, Time: 00:00:55

Health: 0/25       AC:  7    Str: 21    XL:     2   Next: 34%
Magic:  2/2        EV:  7    Int:  8    God:
Gold:   21         SH:  4    Dex:  9    Spells: 1/1 levels left

rFire   . . .        a - +0 flail
rCold   . . .        c - +0 buckler
rNeg    . . .        b - +0 scale mail
rPois   .            (no helmet)
rElec   .            (no cloak)
rCorr   .            (no gloves)
SInv    .            (no barding)
Will    .....        (no amulet) Stlth
                     (no ring)
HPRegen 0.24/turn    (no ring)
MPRegen 0.08/turn

%: roll
@: attractive
A: large, deformed body, tough skin 3, armoured tail, roll 1
a: no special abilities


You were on level 1 of the Dungeon.
You visited 1 branch of the dungeon, and saw 1 of its levels.

You collected 21 gold pieces.


Innate Abilities, Weirdness & Mutations

Armour fits poorly on your strangely shaped body.
You have extremely tough skin. (AC +3)
You have a long armoured tail.
You regenerate magic when rolling toward enemies. (Rampage MPRegen)


   Skills:
 + Level 2.8 Fighting
 * Level 2.2 Maces & Flails
 + Level 3.8 Armour
 + Level 3.4 Shields


You had one spell level left.
You didn't know any spells.
Your spell library was empty.

Inventory:

Hand Weapons
 a - a +0 flail (weapon)
Armour
 b - a +0 scale mail (worn)
 c - a +0 buckler (worn)
Potions
 d - a potion of might

Dungeon Overview and Level Annotations

Branches:
Dungeon (1/15)

Altars:

# ..... #.# .... #. ...
#.#.. ## .. ..# #.#.# #
#.###.# #.#.# .# ## #.SJ†.#
#.#.##.####. #.###.#
##.#.......#. .. #...#
###..........#.
#w###.S####.........##.# #
#....J@...#....#####.#.
#.###.##.####......##......
#........# ######.........
###....### #.#...#.##
###### #.......## ####.##.#
#.##.## ###.##.## #........


You could see an endoplasm and a ball python.


Message History

* * * LOW HITPOINT WARNING * * *
The endoplasm hits you but does no damage.
The hobgoblin barely misses you.
You closely miss the hobgoblin.
The hobgoblin hits you but does no damage.
The endoplasm closely misses you.
You closely miss the hobgoblin. The hobgoblin closely misses you.
The endoplasm hits you but does no damage.
You closely miss the hobgoblin. You tail-slap the hobgoblin.
You kill the hobgoblin!
The endoplasm freezes you.
You are frozen.
* * * LOW HITPOINT WARNING * * *
A dart slug comes into view.
The endoplasm freezes you.
You are frozen.
* * * LOW HITPOINT WARNING * * *
Unknown command.
The endoplasm attacks as it pursues you!
The endoplasm closely misses you.
You see here a hobgoblin corpse.
The endoplasm attacks as it pursues you!
The endoplasm hits you.
* * * LOW HITPOINT WARNING * * *
Unknown command.
It was a potion of attraction.
You feel attractive to monsters. The endoplasm freezes you.
You are frozen.
You die...

Skill      XL: |  1 |
---------------+----+-----
Maces & Flails | 2 |  2.2
Fighting       | |  2.8
Armour         | |  3.8
Shields        | |  3.4

Action                     || total
---------------------------++-------
  Melee: Flail             ||    37
         Tailslap          ||     4
    Use: Potion            ||     1
 Armour: Scale mail        ||    18
  Dodge: Dodged            ||    16
  Block: Buckler           ||    10

Levels and vault maps discovered:
D:1:      pf_arrival_petrified_forest, layout_loops_cross, minmay_quantized

Notes
Turn   | Place    | Note
-------+----------+-------------------------------------------
     0 | D:1      | Ruich the Armataur Fighter began the quest for the Orb.
     0 | D:1      | Reached XP level 1. HP: 18/18 MP: 1/1
   108 | D:1      | Reached skill level 2 in Maces & Flails
   167 | D:1      | Reached XP level 2. HP: 23/25 MP: 2/2
   289 | D:1      | HP: 2/25 [frozen (2)]
   295 | D:1      | HP: 2/25 [endoplasm (1)]
   296 | D:1      | Frozen to death by an endoplasm

Vanquished Creatures
  4 endoplasms (D:1)
  4 hobgoblins (D:1)
  A quokka (D:1)
  3 ball pythons (D:1)
12 creatures vanquished.

Table legend: (Time is in decaauts)
 A = Elapsed time spent in this place.
 B = Non-inter-level travel time spent in this place.
 C = Inter-level travel time spent in this place.
 D = Time resting spent in this place.
 E = Time spent auto-exploring this place.
 F = Levels seen in this place.
 G = Mean time per level.
                   A        B        C        D        E       F      G
               +--------+--------+--------+--------+--------+-----+--------+
         Total |    308 |    308 |      0 |      0 |    225 |   1 |  308.0 |
       Dungeon |    308 |    308 |      0 |      0 |    225 |   1 |  308.0 |
               +--------+--------+--------+--------+--------+-----+--------+

Top non-repeatable levels by time:
     D:1: 308 daAuts

Table legend:
 A = Non-vault XP
 B = Vault XP
 C = Vault XP percentage of total XP
 D = Non-vault monster count
 E = Vault monster count
 F = Vault count percentage of total count
                 A         B        C        D         E       F
            +---------+---------+-------+---------+---------+-------
      Total |      20 |       2 |   9.1 |      11 |       1 |   8.3
            +---------+---------+-------+---------+---------+-------
        D:1 |      20 |       2 |   9.1 |      11 |       1 |   8.3
            +---------+---------+-------+---------+---------+-------
